 Dungeon Crawl Stone Soup version 0.26.1-2-gb8aa6d0cf2 (webtiles) character file.

Game seed: 15495966901714967458

361 FishyPogo the Digger (level 6, 0/36 HPs)
             Began as a Gargoyle Earth Elementalist on Mar 2, 2021.
             Was an Initiate of Vehumet.
             Killed by divine providence
             ... invoked by an orc priest
              (13 damage)
             ... on level 4 of the Dungeon on Mar 4, 2021.
             The game lasted 00:20:01 (4412 turns).

FishyPogo the Digger (Gargoyle Earth Elementalist)  Turns: 4412, Time: 00:20:04

Health: 0/36       AC: 11    Str: 11    XL:     6   Next: 66%
Magic:  0/10       EV: 12    Int: 18    God:    Vehumet [......]
Gold:   150        SH:  0    Dex: 10    Spells: 7/11 levels left

rFire    . . .     SeeInvis .   e - +0 club
rCold    . . .     Faith    .   (no shield)
rNeg     + . .     Spirit   .   c - +1 robe
rPois    ∞         Reflect  .   (no helmet)
rElec    +         Harm     .   (no cloak)
rCorr    .         Rampage  .   (no gloves)
Will     +....                  (no boots)
Stlth    ++........             (no amulet)
HPRegen  0.12/turn              f - ring of willpower
MPRegen  0.12/turn              s - +4 ring of protection

@: no status effects
A: negative energy resistance 1, electricity resistance, unbreathing,
petrification resistance, miasma immunity, AC +4
a: Renounce Religion


You were on level 4 of the Dungeon.
You worshipped Vehumet.
Vehumet was noncommittal.
You visited 2 branches of the dungeon, and saw 5 of its levels.

You collected 150 gold pieces.

Inventory:

Hand Weapons
 e - a +0 club (weapon)
Missiles
 b - 33 stones
 j - 3 boomerangs of dispersal
Armour
 c - a +1 robe (worn)
Magical Staves
 q - an uncursed staff of cold
Jewellery
 f - a ring of willpower (left hand)
 k - an uncursed ring of willpower
 s - a +4 ring of protection (right hand)
Scrolls
 a - a scroll of identify
 h - a scroll of enchant armour
 i - a scroll of teleportation
 m - a scroll of remove curse
 p - a scroll of fear
Potions
 d - a potion of curing
 g - a potion of flight {unknown}
 n - a potion of cancellation
 o - a potion of attraction


   Skills:
 * Level 2.8 Fighting
 - Level 2.0 Dodging
 + Level 4.0 Stealth
 + Level 3.0 Spellcasting
 + Level 0.0 Conjurations
 - Level 1.0 Transmutations
 + Level 6.2 Earth Magic


You had 7 spell levels left.
You knew the following spells:

 Your Spells              Type           Power        Failure   Level
a - Sandblast             Erth           50%          1%          1
b - Stone Arrow           Conj/Erth      26%          14%         3

Your spell library contained the following spells:

 Spells                   Type           Power        Failure   Level
 Passwall                 Tmut/Erth      12%          5%          2
 Lee's Rapid Deconstruct  Erth           12%          34%         5
 Petrify                  Tmut/Erth      15%          36%         4


Dungeon Overview and Level Annotations

Branches:
Dungeon (4/15)             Temple (1/1) D:4

Altars:
Cheibriados
Fedhas
Hepliaklqana
Makhleb
Okawaru
Ru
Sif Muna
Uskayaw
Vehumet
Xom
Zin
The Shining One
Lugonu


Innate Abilities, Weirdness & Mutations

You are resistant to torment.
Your stone body is resilient. (AC +4)
You are immune to poison.
You resist negative energy. (rN+)
You are resistant to electric shocks. (rElec)
You can survive without breathing.
You are immune to petrification.
You are immune to miasma.


Message History

The orc priest mumbles some strange prayers to Beogh against you.
Beogh smites you! The orc priest barely misses you.
Things that are here:
a +0 short sword; a +0 scale mail; a scroll of remove curse You hit the orc priest but do no damage.
The orc priest mumbles some strange prayers to Beogh against you.
Beogh smites you!
Casting: Stone Arrow (quite dangerous; 14% risk of failure)
Confirm with . or Enter, or press ? or * to list all spells.
The spell is quite dangerous to cast (14% risk of failure)!
Continue anyway? [Y]es or [N]o only, please.
The spell is quite dangerous to cast (14% risk of failure)!
Continue anyway?
Aiming: Stone Arrow (quite dangerous; 14% risk of failure)
Press: ? - help, Shift-Dir - straight line, f/p - orc priest
Aim: an orc priest, wielding a +0 flail and wearing a +0 ring mail (28% to evade)
The stone arrow misses the orc priest.
The orc priest calls down the wrath of Beogh upon you.
Beogh smites you!
You die...

.†.....# #......#.# ######.#
#.........
#.##############.###.....#.#
######.#..............# ##...###<
..............#######.# ##.##...
#..###.#.##.#.#######.#####.#.[..
#..###.#.##.#.##................<
#........##.#.##.###..#####.#..##
.......####.#...@o.)..## #.#.†#
#...#### #......###...# #.#..##
#...# ##########...####......
#...# ...........#.....#
#...####### #................
#.........# ##........o......(
##......... .......oo.o.......
#....###.# ##.##...####....<#
#....# # #.##...# ##...##


You could see an orc priest.

Vanquished Creatures
  A hound (D:3)
  Natasha (twice) (D:2)
  2 worker ants (D:4)
  A mummy (D:4)
  11 adders
  A shadow imp (D:4)
  An ooze (D:4)
  5 worms
  A dart slug (D:2)
  2 leopard geckos
  15 orcs
  A ball python (D:1)
  6 bats
  A giant cockroach (D:1)
  12 goblins
  3 hobgoblins
  4 jackals (D:4)
  9 kobolds
  A quokka (D:2)
  5 frilled lizards
  4 rats
88 creatures vanquished.

Notes
Turn   | Place    | Note
-------+----------+-------------------------------------------
     0 | D:1      | FishyPogo the Gargoyle Earth Elementalist began the quest
                  | for the Orb.
     0 | D:1      | Reached XP level 1. HP: 10/10 MP: 3/3
   225 | D:1      | Reached XP level 2. HP: 15/15 MP: 3/5
   235 | D:1      | Reached skill level 4 in Earth Magic
   320 | D:1      | Reached skill level 1 in Transmutations
   710 | D:2      | Reached XP level 3. HP: 19/19 MP: 1/6
   714 | D:2      | Learned a level 3 spell: Stone Arrow
  1136 | D:2      | Reached skill level 1 in Fighting
  1323 | D:2      | Reached XP level 4. HP: 20/25 MP: 5/7
  1413 | D:2      | Noticed Natasha
  1417 | D:2      | Killed Natasha
  2011 | D:2      | Noticed Natasha
  2022 | D:2      | Killed Natasha
  2023 | D:2      | Reached skill level 5 in Earth Magic
  2023 | D:2      | Reached XP level 5. HP: 2/29 MP: 0/8
  2388 | D:3      | Found a glowing golden altar of the Shining One.
  2418 | D:3      | Found a sacrificial altar of Ru.
  2639 | D:3      | Found a shimmering altar of Xom.
  2639 | D:3      | Found a shimmering altar of Xom.
  2639 | D:3      | Found a shimmering altar of Xom.
  2640 | D:3      | Found a shimmering altar of Xom.
  2660 | D:3      | Found a shimmering altar of Xom.
  3470 | D:3      | Reached XP level 6. HP: 31/35 MP: 3/10
  3878 | D:4      | Reached skill level 6 in Earth Magic
  3890 | D:4      | Found a staircase to the Ecumenical Temple.
  3919 | Temple   | Entered the Ecumenical Temple
  4101 | Temple   | Became a worshipper of Vehumet
  4412 | D:4      | Killed from afar by an orc priest

Illustrated notes

Levels and vault maps discovered:
D:1:      nicolae_arrival_memento_mori, layout_rooms, minmay_misc_feat_iff,
          minmay_misc_feat_tiny
D:2:      layout_basic, uniq_natasha
D:3:      layout_loops_ring, xom_redecorated, nicolae_overflow_crystal_walls,
          lemuel_crystal_altar
D:4:      layout_loops_ring, pdpol_wu_jian_five_deadly_venoms,
          minmay_temple_entry_drinking_statues, gup_ossuary_entry_pyramid,
          st_stairs_14, kennysheep_windowed_goal, uniq_edmund
Temple:   kb_corrupted_temple

Skill      XL: |  1  2  3  4  5  6 |
---------------+-------------------+-----
Earth Magic    | 4 5 6 |  6.2
Transmutations | 1 |  1.0
Dodging        | 2 |  2.0
Fighting       | 1 2 |  2.8
Stealth        | 3 4 |  4.0
Spellcasting   | 3 |  3.0

Action                   |  1- 3 |  4- 6 || total
-------------------------+-------+-------++-------
Melee: Unarmed           |     2 |       ||     2
       Club              |    36 |   210 ||   246
 Cast: Sandblast         |    44 |    33 ||    77
       Stone Arrow       |     2 |    28 ||    30
  Use: Scroll            |       |    10 ||    10
Armor: Robe              |    19 |   128 ||   147
Dodge: Dodged            |    24 |   194 ||   218
